 Dungeon Crawl Stone Soup version 0.23-a0-136-g722f094 (console) character file.

231 nht the Firebug (level 6, -17/45 HPs)
             Began as a Hill Orc Fire Elementalist on Aug 28, 2018.
             Was an Initiate of Ashenzari.
             Demolished by an ogre
             ... wielding a +0 giant club
              (20 damage)
             ... on level 4 of the Dungeon.
             The game lasted 00:04:23 (2743 turns).

nht the Firebug (Hill Orc Fire Elementalist)        Turns: 2743, Time: 00:04:24

Health: -17/45     AC:  2    Str: 11    XL:     6   Next: 3%
Magic:  1/9        EV: 12    Int: 17    God:    Ashenzari [......]
Gold:   141        SH:  0    Dex: 11    Spells: 2/9 levels left

rFire    + . .     SeeInvis .   r - +0 war axe
rCold    x . .     Gourm    .   (no shield)
rNeg     . . .     Faith    .   a - +0 robe
rPois    .         Spirit   .   (no helmet)
rElec    .         Reflect  .   (no cloak)
rCorr    .         Harm     .   (no gloves)
MR       .....                  (no boots)
Stlth    ++........             d - amulet of rage
HPRegen  0.15/turn              j - ring of fire
MPRegen  0.11/turn              (no ring)

@: very slightly contaminated
A: no striking features
a: Curse Item, Renounce Religion, Evoke Berserk Rage


You were on level 4 of the Dungeon.
You worshipped Ashenzari.
Ashenzari was noncommittal.
You were not hungry.

You visited 1 branch of the dungeon, and saw 4 of its levels.

You collected 141 gold pieces.

Inventory:

Hand Weapons
 r - a +0 war axe (weapon)
Armour
 a - a +0 robe (worn)
Jewellery
 d - an amulet of rage (around neck)
 j - a ring of fire (left hand)
Wands
 s - a wand of paralysis (10)
Scrolls
 e - a scroll of remove curse
 f - 3 scrolls of fog {unknown}
 h - a scroll of amnesia {unknown}
 i - a scroll of noise {unknown}
 q - 2 scrolls of enchant weapon {unknown}
Potions
 b - a potion of invisibility
 g - a potion of ambrosia
 l - 4 potions of brilliance
 m - a potion of heal wounds
 n - a potion of curing
 o - a potion of haste
 p - a potion of mutation
 t - 2 potions of agility
Comestibles
 c - 8 rations
 k - 7 chunks of flesh


   Skills:
 - Level 2.0 Dodging
 - Level 2.1 Stealth
 - Level 2.0 Spellcasting
 + Level 3.5 Conjurations
 + Level 5.1 Fire Magic


You had 2 spell levels left.
You knew the following spells:

 Your Spells              Type           Power        Failure   Level  Hunger
a - Flame Tongue          Conj/Fire      ###..        3%          1    #......
b - Throw Flame           Conj/Fire      ###...       4%          2    ###....
c - Sticky Flame          Conj/Fire      ###.....     32%         4    #####..

Your spell library contained the following spells:

 Spells                   Type           Power        Failure   Level  Hunger
 Conjure Flame            Conj/Fire      ###.....     10%         3    ###....
 Inner Flame              Hex/Fire       ###.....     21%         3    ###....
 Fireball                 Conj/Fire      ###.......   67%         5    ######.


Dungeon Overview and Level Annotations

Branches:
Dungeon (4/15)
 Temple: D:4-7

Altars:
Ashenzari
Nemelex Xobeh
Okawaru
Qazlal
Sif Muna
Zin


Message History

The helpless ogre fails to defend itself.
You hit the ogre but do no damage.
The ogre is moderately wounded.
The helpless ogre fails to defend itself.
You hit the ogre.
The ogre is moderately wounded.
The helpless ogre fails to defend itself.
You hit the ogre.
The ogre is heavily wounded.
The helpless ogre fails to defend itself.
You slash the ogre!
The ogre is almost dead.
The helpless ogre fails to defend itself.
You hit the ogre.
The ogre is almost dead.
The helpless ogre fails to defend itself.
You hit the ogre.
The ogre is almost dead.
The ogre is no longer paralysed.
The ogre hits you with a giant club!!
You die... .. +......█ █.█...... ........█ █.█.....█ ████████ .█...$...███ █....... ....)[)o...█ ███ █....... .██.██████o█ █.███<...... █O█

█........... █@█
█........... █.████.█
█....████.██
█......█████....████..█
███████.........██.....
..........÷............
.███............█.._8_.
.██ █.......██...██.....
.... ██.█.........██.....
....████.███████...███.███


You could see an ogre and an orc.

Vanquished Creatures
  A phantom (D:4)
  A hound (D:2)
  5 adders
  A worm (D:2)
  2 dart slugs
  A leopard gecko (D:4)
  2 orcs (D:4)
  5 goblins
  5 hobgoblins
  8 jackals
  5 kobolds
  A quokka (D:3)
  11 bats
  3 frilled lizards (D:1)
  3 rats (D:2)
54 creatures vanquished.

Notes
Turn   | Place    | Note
-------+----------+-------------------------------------------
     0 | D:1      | nht the Hill Orc Fire Elementalist began the quest for the
                  | Orb.
     0 | D:1      | Reached XP level 1. HP: 14/14 MP: 3/3
    78 | D:1      | Reached XP level 2. HP: 4/20 MP: 0/4
   706 | D:2      | Reached XP level 3. HP: 22/26 MP: 0/5
   710 | D:2      | Learned a level 2 spell: Throw Flame
   765 | D:2      | Reached XP level 4. HP: 10/33 MP: 1/7
  1155 | D:2      | Reached skill level 4 in Fire Magic
  1749 | D:2      | Learned a level 4 spell: Sticky Flame
  1777 | D:3      | Found a stormy altar of Qazlal.
  1893 | D:3      | Found a shattered altar of Ashenzari.
  1912 | D:3      | Became a worshipper of Ashenzari the Shackled
  2454 | D:4      | Reached XP level 5. HP: 32/38 MP: 4/8
  2571 | D:4      | Found a deep blue altar of Sif Muna.
  2587 | D:4      | Found an iron altar of Okawaru.
  2614 | D:4      | Noticed a phantom
  2646 | D:4      | Killed a phantom
  2646 | D:4      | Reached skill level 5 in Fire Magic
  2680 | D:4      | Reached XP level 6. HP: 14/45 MP: 0/9
  2684 | D:4      | Found a glowing silver altar of Zin.
  2693 | D:4      | Found a sparkling altar of Nemelex Xobeh.
  2732 | D:4      | HP: 1/45 [ogre/giant club (16)]
  2743 | D:4      | Demolished by an ogre

Vault maps used:
D:1:      dpeg_arrival_line_fractal
D:2:      guppyfry_early_lair_pool
D:3:      overflow_temple_1_default, first_ration, grunt_qazlal_clouds
D:4:      chequers_temple_overflow_statue_of_worship, minitemple, serial_glass,
          glass_columns_b, glass_columns_a, nicolae_ru_the_path_less_chosen

Skill      XL: |  1  2  3  4  5 |
---------------+----------------+-----
Stealth        | 2 |  2.1
Dodging        | 2 |  2.0
Spellcasting   | 2 |  2.0
Conjurations   | 2 3 |  3.5
Fire Magic     | 4 5 |  5.1

Action                   |  1- 3 |  4- 6 || total
-------------------------+-------+-------++-------
Melee: Unarmed           |    29 |       ||    29
       Hand axe          |     9 |       ||     9
       Dagger            |    16 |     4 ||    20
       War axe           |       |    23 ||    23
 Cast: Flame Tongue      |    32 |    63 ||    95
Evoke: Wand              |       |     1 ||     1
  Use: Scroll            |     6 |     4 ||    10
 Stab: Paralysed         |       |     7 ||     7
  Eat: Chunk             |       |     8 ||     8
Armor: Robe              |    20 |     2 ||    22
Dodge: Dodged            |    78 |    28 ||   106

Table legend:
 A = Non-vault XP
 B = Vault XP
 C = Vault XP percentage of total XP
 D = Non-vault monster count
 E = Vault monster count
 F = Vault count percentage of total count
                 A         B        C        D         E       F
            +---------+---------+-------+---------+---------+-------
      Total |     330 |       0 |   0.0 |      54 |       0 |   0.0
            +---------+---------+-------+---------+---------+-------
        D:1 |      26 |       0 |   0.0 |      16 |       0 |   0.0
        D:2 |     114 |       0 |   0.0 |      20 |       0 |   0.0
        D:3 |      23 |       0 |   0.0 |       6 |       0 |   0.0
        D:4 |     167 |       0 |   0.0 |      12 |       0 |   0.0
            +---------+---------+-------+---------+---------+-------
